AoeStats
← Juanfreelance

Nomad

510252064Analyzed
2v2 RM · 1d ago on Sep 30, 2026· 33m 4s· 4 players
Game mode
Random Map
Map size
176×176
Population
200
Speed
Normal
Resources
Standard
Victory
Conquest
Starting age
Dark Age
Ending age
Imperial Age
RankedLock teamsTeams togetherTeam positionsShared explorationLock speedFull tech treeHidden civsTurbo modeCheats
Victory
Defeat
🇨🇦 Italians · Canada
1250
+15
🇲🇽 Vietnamese · Mexico
1241
+29
🇵🇦 Ethiopians · Panama
1307
-19
🇲🇽 Sicilians · Mexico
1155
-12
chaquin_7
3:30 Loom
13:47 Feudal Age
25:41 Town Watch
30:00 Castle Age
29:39 Scale Barding Armor
33:44 Wheelbarrow
Juanfreelance
4:28 Loom
13:51 Feudal Age
15:10 Horse Collar
18:49 Double-Bit Axe
25:37 Castle Age
24:53 Forging
24:49 Scale Barding Armor
25:02 Gold Mining
Sean
5:35 Loom
13:22 Feudal Age
21:23 Castle Age
19:27 Fletching
21:32 Padded Archer Armor
23:49 Bodkin Arrow
24:10 Leather Archer Armor
27:50 Thumb Ring
28:46 Double-Bit Axe
Neuron MX
5:09 Loom
14:23 Feudal Age
15:01 Double-Bit Axe
14:57 Horse Collar
18:29 Castle Age
17:18 Scale Mail Armor
18:01 Arson
18:29 Forging
18:28 Fishing Lines
19:01 Town Watch
19:22 Squires
19:39 Chain Mail Armor
19:26 Gillnets
21:22 Iron Casting
22:40 Bow Saw
25:33 Heavy Plow
26:16 Fletching
28:17 Medium Warships
28:49 Wheelbarrow
32:44 Hand Cart
Connection lost

Rejoining the realm…

Still unreachable

The connection could not be restored.

Session expired

The server has moved on; the page needs a fresh start.